 Dungeon Crawl Stone Soup version 0.31.0-11-ge490571c62 (webtiles) character file.

Game seed: 8391305010831806371

331 Aldia the Digger (level 6, -9/46 HPs)
             Began as a Human Wanderer on Jan 26, 2024.
             Was an Initiate of Gozag.
             Mangled by a sleepcap (15 damage)
             ... on level 3 of the Dungeon.
             The game lasted 00:04:12 (2204 turns).

Aldia the Digger (Human Wanderer)                   Turns: 2204, Time: 00:04:12

Health: -9/46      AC:  7    Str: 15    XL:     6   Next: 51%
Magic:  2/10       EV:  2    Int: 15    God:    Gozag
Gold:   244        SH:  0    Dex:  9    Spells: 7/11 levels left

rFire   . .          .
                       - Unarmed
rCold   . . .        (no shield)
rNeg    . . .        d - +0 robe
rPois   .            q - +1 helmet
rElec   .            l - scarf {repulsion}
rCorr   .            (no gloves)
SInv    .            g - +2 pair of boots
Will    .....        (no amulet)
Stlth   +            (no ring)
HPRegen 0.27/turn    (no ring)
MPRegen 0.12/turn

%: repel missiles
@: sleeping, gold aura
A: explore regen
a: Renounce Religion, Potion Petition, Call Merchant, Bribe Branch


You were on level 3 of the Dungeon.
You worshipped Gozag.
Gozag was aware of your devotion.
You visited 1 branch of the dungeon, and saw 3 of its levels.

You collected 244 gold pieces.

Inventory:

Hand Weapons
 a - a +1 club
Armour
 c - a +0 ring mail
 d - a +0 robe (worn)
 f - a +0 cloak
 g - a +2 pair of boots (worn)
 l - a scarf of repulsion (worn)
 q - a +1 helmet (worn)
Scrolls
 b - a scroll of blinking
 i - a scroll of butterflies {unknown}
 n - a scroll of fog {unknown}
 p - a scroll of enchant weapon
 r - a scroll of identify
Potions
 e - a potion of invisibility
 h - a potion of degeneration {unknown}
 j - a potion of curing
 k - a potion of enlightenment {unknown}
 m - a potion of mutation {unknown}
 o - a potion of lignification
 s - a potion of magic {unknown}


   Skills:
 + Level 2.9 Fighting
 - Level 1.0 Armour
 + Level 2.4 Dodging
 - Level 4.0 Unarmed Combat
 + Level 3.2 Spellcasting
 + Level 1.2 Conjurations
 + Level 4.1 Earth Magic


You had 7 spell levels left.
You knew the following spells:

 Your Spells              Type           Power      Damage    Failure   Level
a - Sandblast             Erth           28%        2d8       3%          1
b - Stone Arrow           Conj/Erth      20%        3d8       19%         3

Your spell library contained the following spells:

 Spells                   Type           Power      Damage    Failure   Level
 Ozocubu's Armour         Ice            2%         N/A       52%         3
 Metabolic Englaciation   Hex/Ice        1%         N/A       99%         5
 Sculpt Simulacrum        Ice/Alch       1%         N/A       100%        6


Dungeon Overview and Level Annotations

Branches:
Dungeon (3/15)

Altars:
Gozag

Annotations:
D:3 2 transporters


Innate Abilities, Weirdness & Mutations

You regain HP and MP as you explore.


Message History

The sleepcap releases spores at you.
You are engulfed in a cloud of soporific spores!
You are unaffected.
The sleepcap releases spores at you but does no damage.
Casting: Sandblast (safe; 3% risk of failure)
Confirm with . or Enter, or press ? or * to list all spells.
Aiming: Sandblast (safe; 3% risk of failure)
Press: ? - help, Shift-Dir - straight line, f/p - sleepcap
Aim: a sleepcap (almost destroyed, 100% to hit)
The blast of sand hits the sleepcap.
The sleepcap is almost destroyed.
The sleepcap barely misses you. The sleepcap releases spores at you.
You are engulfed in a cloud of soporific spores!
You fall asleep.
The sleepcap releases spores at you but does no damage.
The sleepcap releases spores at you!
You wake up.
* * * LOW HITPOINT WARNING * * *
Casting: Sandblast (safe; 3% risk of failure)
Confirm with . or Enter, or press ? or * to list all spells.
Aiming: Sandblast (safe; 3% risk of failure)
Press: ? - help, Shift-Dir - straight line, f/p - sleepcap
Aim: a sleepcap (almost destroyed, 100% to hit)
The blast of sand hits the sleepcap.
You destroy the sleepcap!
The sleepcap misses you.
The sleepcap releases spores at you but does no damage.
Casting: Sandblast (safe; 3% risk of failure)
Confirm with . or Enter, or press ? or * to list all spells.
Aiming: Sandblast (safe; 3% risk of failure)
Press: ? - help, Shift-Dir - straight line, f - sleepcap
Aim: a sleepcap (lightly damaged, 100% to hit)
The blast of sand hits the sleepcap.
The sleepcap is lightly damaged.
The sleepcap releases spores at you.
* * * LOW HITPOINT WARNING * * *
You are engulfed in a cloud of soporific spores!
You fall asleep.
The sleepcap releases spores at you!
You die...
Your body crumbles into a pile of gold.

#############
#...........# ..
####...........####
..##.................#
.................f#♣
............####@$.♣
............#
#.#...... #.........#
#.. .....
#.........######. ....
##.##.###........♣ .♣♣
##.##.# #########♣ ♣
#..)..#####
#............
###............


You could see a sleepcap.

Vanquished Creatures
  Sigmund (D:2)
  Jessica (D:2)
  A sleepcap (D:3)
  5 adders (D:2)
  A dart slug (D:2)
  5 orcs
  7 bats
  4 endoplasms
  2 giant cockroaches
  6 goblins
  8 hobgoblins
  8 jackals
  6 quokkas
  8 ball pythons
  3 frilled lizards
  3 kobolds
  4 rats
73 creatures vanquished.

Notes
Turn   | Place    | Note
-------+----------+-------------------------------------------
     0 | D:1      | Aldia the Human Wanderer began the quest for the Orb.
     0 | D:1      | Aldia set off with the following items: a +0 club, a scroll
                  | of blinking, a +0 ring mail, a potion of lignification, a
                  | potion of invisibility; and the following spell memorised:
                  | Sandblast; and the following spells available to memorise:
                  | Stone Arrow.
     0 | D:1      | Reached XP level 1. HP: 15/15 MP: 3/3
   102 | D:1      | Reached XP level 2. HP: 18/21 MP: 5/5
   417 | D:1      | Reached XP level 3. HP: 24/26 MP: 6/6
   763 | D:2      | Reached skill level 1 in Dodging
   905 | D:2      | Noticed Sigmund
   918 | D:2      | Killed Sigmund
   919 | D:2      | Reached XP level 4. HP: 34/34 MP: 6/8
   919 | D:2      | Reached XP level 5. HP: 39/39 MP: 6/9
   953 | D:2      | Learned a level 3 spell: Stone Arrow
  1205 | D:2      | Reached XP level 6. HP: 45/46 MP: 7/10
  1556 | D:2      | Found a faded altar of an unknown god.
  1570 | D:2      | Prayed at the altar of an unknown god.
  1570 | D:2      | Became a worshipper of Gozag Ym Sagoz the Greedy
  1828 | D:3      | Noticed Jessica
  1829 | D:3      | Reached skill level 1 in Conjurations
  1834 | D:2      | Killed Jessica
  1993 | D:3      | Found a transporter.
  2009 | D:3      | Found a transporter.
  2019 | D:3      | Noticed a kobold demonologist
  2204 | D:3      | Mangled by a sleepcap

Illustrated notes

Levels and vault maps discovered:
D:1:      dpeg_arrival_line_fractal, layout_basic
D:2:      layout_basic, hellmonk_ecumenical_altar_arch_garden,
          grunt_ministairs_11, hangedman_decor_opposing,
          minmay_randomly_rotated_circles, uniq_sigmund
D:3:      gammafunk_wand_slinger, layout_basic, fedhas_ov_isle_minmay,
          hellmonk_no_cap, uniq_jessica

Skill      XL: |  1  2  3  4  5  6 |
---------------+-------------------+-----
Dodging        | 2 |  2.4
Fighting       | 2 |  2.9
Earth Magic    | 3 4 |  4.1
Spellcasting   | 3 |  3.2
Conjurations   | 1 |  1.2
Armour         | |  1.0
Unarmed Combat | |  4.0

Action                     |  1- 3 |  4- 6 || total
---------------------------+-------+-------++-------
  Melee: Unarmed           |   113 |    43 ||   156
         Punch             |     4 |     2 ||     6
   Cast: Sandblast         |       |    62 ||    62
    Use: Potion            |     1 |       ||     1
         Scroll            |       |     2 ||     2
 Armour: Ring mail         |    70 |       ||    70
         Skin              |     9 |     1 ||    10
         Robe              |       |    66 ||    66
  Dodge: Dodged            |    68 |    53 ||   121
